Map: Abyssal Reef LE

Players

shifcha - Winner!

  • Race: Protoss Protoss
  • Spawn Location: 11:00

iPlayDefense

  • Race: Terran Terran
  • League: Silver
  • Spawn Location: 5:00

VOD

Have the link to the VOD?

Description

Time

  • Played on: April 19, 2025, 11:19 a.m.
  • Length: 2:34
Show
View Real Time Build Order
Export as new Build Order

shifcha Protoss - Winner!

Build Orders: Cannon Rush 

Get SALT Encoding   

  1  0:00  Probe  
  13  0:19  Pylon  
  13  0:21  Probe  
  14  0:33  Probe  
  15  0:45  Pylon  
  15  0:49  Forge  
  15  0:55  Assimilator  
  15  1:01  Probe  
  15  1:09  Probe  
  17  1:25  Photon Cannon  
  17  1:30  Pylon  
  17  1:33  Pylon  
  17  1:48  Pylon  
  17  1:54  Photon Cannon  
  17  1:59  Photon Cannon  
  17  2:04  Probe  
  18  2:12  Pylon  
  18  2:20  Photon Cannon  
  18  2:32  Photon Cannon  
Show
View Real Time Build Order
Export as new Build Order

iPlayDefense Terran 

Build Orders:  

Get SALT Encoding   

  12  0:00  SCV  
  13  0:17  Supply Depot  
  13  0:20  SCV  
  14  0:32  SCV  
  15  0:40  Refinery  
  15  0:44  SCV  
  16  0:57  SCV  
  17  1:02  Barracks  
  17  1:18  SCV  
  18  1:30  SCV  
  19  2:06  Marine  
  20  2:18  SCV  
Tags
 
League
Silver
Matchup
PvT
Replay Pack
Dave SC2 II
Spawn Locations
Cross Positions
Add a new tag
Caveats
  • Supply blocks, unpowered buildings, or Contaminate may cause inaccurate times.
  • Supply counts are checked every 10 seconds.